 Dungeon Crawl Stone Soup version 0.29-a0-1043-g569b05d6ff (webtiles) character file.

Game seed: 9663614838220591954

35 jlumianski the Chopper (level 3, 0/27 HPs)
             Began as a Demonspawn Gladiator on Aug 16, 2022.
             Killed from afar by Sigmund (5 damage)
             ... with a magic dart
             ... on level 2 of the Dungeon.
             The game lasted 00:02:40 (597 turns).

jlumianski the Chopper (Demonspawn Gladiator)        Turns: 597, Time: 00:02:41

Health: 0/27       AC: 10    Str: 16    XL:     3   Next: 17%
Magic:  3/3        EV: 12    Int:  9    God:
Gold:   20         SH:  0    Dex: 14    Spells: 2/2 levels left

rFire   . . .      SeeInvis .   a - +0 war axe
rCold   . . .      Faith    .   (no shield)
rNeg    . . .      Spirit   .   b - +0 leather armour
rPois   .          Reflect  .   c - +0 helmet
rElec   .          Harm     .   (no cloak)
rCorr   .          Rampage  .   (no gloves)
Will    .....                   (no boots)
Stlth   +.........              (no amulet)
HPRegen 0.09/turn               (no ring)
MPRegen 0.08/turn               (no ring)

@: sanguine armoured, on berserk cooldown, slowed, invisible, very slow
A: hooves 1, sanguine armour 1
a: no special abilities


You were on level 2 of the Dungeon.
You visited 1 branch of the dungeon, and saw 2 of its levels.

You collected 20 gold pieces.

Inventory:

Hand Weapons
 a - a +0 war axe (weapon)
Missiles
 d - 3 throwing nets (quivered)
 e - a javelin
Armour
 b - a +0 leather armour (worn)
 c - a +0 helmet (worn)
Jewellery
 i - an amulet of faith
Scrolls
 f - a scroll of poison {unknown}
 h - a scroll of fear {unknown}
 j - a scroll of brand weapon {unknown}
Potions
 g - a potion of berserk rage


   Skills:
 + Level 2.1 Fighting
 + Level 3.3 Axes
 + Level 2.0 Throwing
 + Level 0.1 Armour
 + Level 3.1 Dodging


You had 2 spell levels left.
You didn't know any spells.
Your spell library was empty.

Dungeon Overview and Level Annotations

Branches:
Dungeon (2/15)

Altars:

Annotations:
D:2 Sigmund


Innate Abilities, Weirdness & Mutations

You have large cloven feet.
When seriously injured, your blood forms armour. (AC +6)


Message History

You slash Sigmund! You kick Sigmund.
Sigmund is heavily wounded.
You slash Sigmund!
Sigmund is almost dead.
Sigmund points at you and mumbles some strange words.
You are confused.
Sigmund gestures at you while chanting. The puff of flame misses you.
Found a scroll labelled JOOXZA HULU.
Sigmund hits you but does no damage.
Sigmund points at you and mumbles some strange words.
You are more confused.
Sigmund attacks as you move away! Sigmund hits you with a +0 scythe.
Sigmund barely misses you. Sigmund attacks as you move away!
Sigmund barely misses you. Sigmund gestures at you while chanting.
The puff of flame hits you. Sigmund closely misses you.
Sigmund gestures at you while chanting. The magic dart hits you.
* * * LOW HITPOINT WARNING * * *
It was a potion of berserk rage.
A red film seems to cover your vision as you go berserk!
You feel yourself moving faster!
You feel mighty! Sigmund closely misses you.
Found 13 gold pieces.
You feel a strong urge to attack something.
Found a stone staircase leading up.
You feel your anger nearly subside.
You are no longer berserk.
You are exhausted.
You feel yourself slow down.
You feel less confused. Sigmund gestures at you while chanting.
The magic dart hits you.
* * * LOW HITPOINT WARNING * * *
It was a potion of invisibility.
You fade into invisibility!
Sigmund gestures at something while chanting.
Sigmund casts a spell at something.
Sigmund points at you and mumbles some strange words.
The magic dart hits you.
You die...

..###.....@#.####.#
#.......#..#....# #
#.#####.#..####.#.#
#.#####.#..#(.#.#.#
#.......#..#..#.#.#
#.....@.#..#....#.#
#.......#.........#
#............#....#.
#..@.$..##.#........
#<......##.#........
..................##..
#.############.###......
##.####.###.
........####
.#.###...... #.†.##.
#..<##.


You could see Sigmund (unable to see you).

Vanquished Creatures
  A worm (D:2)
  7 endoplasms
  2 giant cockroaches (D:1)
  A goblin (D:1)
  2 hobgoblins (D:1)
  3 jackals (D:1)
  2 quokkas (D:1)
  3 ball pythons (D:1)
  2 bats
  A frilled lizard (D:1)
  A kobold (D:1)
  3 rats
28 creatures vanquished.

Notes
Turn   | Place    | Note
-------+----------+-------------------------------------------
     0 | D:1      | jlumianski the Demonspawn Gladiator began the quest for the
                  | Orb.
     0 | D:1      | Reached XP level 1. HP: 16/16 MP: 1/1
    70 | D:1      | Gained mutation: You have large cloven feet. [demonic
                  | ancestry]
    70 | D:1      | Reached XP level 2. HP: 14/22 MP: 2/2
    82 | D:1      | Found a faded altar of an unknown god.
   508 | D:1      | Gained mutation: When seriously injured, your blood forms
                  | armour. (AC +6) [demonic ancestry]
   508 | D:1      | Reached XP level 3. HP: 27/27 MP: 3/3
   571 | D:2      | Noticed Sigmund
   597 | D:2      | Killed from afar by Sigmund

Illustrated notes

Levels and vault maps discovered:
D:1:      scummos_arrival_hexagon, layout_basic,
          dreamdust_ecumenical_altar_grove, minmay_tetromino_t4
D:2:      layout_basic, hangedman_decor_slide_cut, uniq_sigmund, uniq_jessica,
          uniq_natasha

Skill      XL: |  1  2 |
---------------+-------+-----
Dodging        | 3 |  3.1
Throwing       | 2 |  2.0
Axes           | 3 |  3.3
Fighting       | |  2.1
Armour         | |  0.1

Action                   || total
-------------------------++-------
Melee: War axe           ||    50
       Kick              ||    14
  Use: Potion            ||     2
 Stab: Sleeping          ||     1
Armor: Leather armour    ||    18
Dodge: Dodged            ||    41

Table legend: (Time is in decaauts)
 A = Elapsed time spent in this place.
 B = Non-inter-level travel time spent in this place.
 C = Inter-level travel time spent in this place.
 D = Time resting spent in this place.
 E = Time spent auto-exploring this place.
 F = Levels seen in this place.
 G = Mean time per level.
                   A        B        C        D        E       F      G
               +--------+--------+--------+--------+--------+-----+--------+
         Total |    615 |    615 |      0 |      0 |    274 |   2 |  307.5 |
       Dungeon |    615 |    615 |      0 |      0 |    274 |   2 |  307.5 |
               +--------+--------+--------+--------+--------+-----+--------+

Top non-repeatable levels by time:
     D:1: 528 daAuts
     D:2: 87 daAuts
